 Dungeon Crawl Stone Soup version 0.29.0-13-gc9e81de378 (webtiles) character file.

Game seed: 13450311015671241924

6104 beardedkeet the Severer (level 10, -2/91 HPs)
             Began as a Hill Orc Fighter on Sept 6, 2022.
             Was a Priest of Beogh.
             Slain by a boulder beetle (7 damage)
             ... on level 11 of the Dungeon on Sept 8, 2022.
             The game lasted 00:48:58 (11706 turns).

beardedkeet the Severer (Hill Orc Fighter)         Turns: 11706, Time: 00:48:58

Health: -2/91      AC: 21    Str: 30    XL:     10   Next: 88%
Magic:  10/10      EV:  7    Int:  8    God:    Beogh [***...]
Gold:   584        SH:  7    Dex: 12    Spells: 9/9 levels left

rFire   . . .      SeeInvis .   E - +0 broad axe
rCold   . . .      Faith    +   c - +1 buckler
rNeg    . . .      Spirit   .   B - +0 plate armour
rPois   .          Reflect  .   r - +1 helmet "Juxehao" {Dex+2}
rElec   .          Harm     .   q - +0 cloak
rCorr   .          Rampage  .   o - +0 pair of gloves
Will    .....                   A - +0 pair of boots
Stlth   ..........              u - amulet of faith
HPRegen 0.25/turn               x - +6 ring of strength
MPRegen 0.12/turn               y - +4 ring of protection

@: no status effects
A: no striking features
a: Renounce Religion, Smiting


You were on level 11 of the Dungeon.
You worshipped Beogh.
Beogh was most pleased with you.
You visited 2 branches of the dungeon, and saw 12 of its levels.

You collected 584 gold pieces.

Inventory:

Hand Weapons
 a - a +1 war axe
 E - a +0 broad axe (weapon)
Missiles
 b - 3 poisoned darts
 k - a curare-tipped dart
 l - 2 boomerangs (quivered)
Armour
 c - a +1 buckler (worn)
 o - a +0 pair of gloves (worn)
 q - a +0 cloak (worn)
 r - the +1 helmet "Juxehao" (worn) {Dex+2}
   (You found it on level 4 of the Dungeon)

   Dex:       It affects your dexterity (+2).
 A - a +0 pair of boots (worn)
 B - a +0 plate armour (worn)
Jewellery
 u - an amulet of faith (around neck)
 x - a +6 ring of strength (left hand)
 y - a +4 ring of protection (right hand)
Wands
 m - a wand of digging (6)
 n - a wand of polymorph (14)
 t - a wand of paralysis (8)
 w - a wand of mindburst (19)
Scrolls
 e - 2 scrolls of teleportation
 f - 2 scrolls of poison
 j - a scroll of blinking
 C - a scroll of summoning {unknown}
 F - a scroll of amnesia
Potions
 d - 3 potions of curing
 g - 2 potions of brilliance
 h - 3 potions of ambrosia
 p - a potion of cancellation
 s - 2 potions of lignification {unknown}
 v - a potion of attraction
 z - a potion of mutation {unknown}
 D - a potion of flight {unknown}


   Skills:
 - Level 9.4 Fighting
 - Level 16.0 Axes
 + Level 3.8 Armour
 - Level 8.4 Shields


You had 9 spell levels left.
You didn't know any spells.
Your spell library contained the following spells:

 Spells                   Type           Power      Damage    Failure   Level
 Slow                     Hex            0%         N/A       99%         1
 Ensorcelled Hibernation  Hex/Ice        0%         N/A       100%        2
 Confusing Touch          Hex            0%         N/A       100%        3
 Gell's Gravitas          Tloc           0%         N/A       100%        3
 Lesser Beckoning         Tloc           0%         N/A       100%        3
 Spider Form              Tmut/Pois      0%         N/A       100%        3
 Teleport Other           Tloc           0%         N/A       100%        3
 Vampiric Draining        Necr           0%         2d6       100%        3
 Anguish                  Hex/Necr       0%         N/A       100%        4
 Blade Hands              Tmut           0%         N/A       100%        5
 Irradiate                Conj/Tmut      0%         3d11      100%        5
 Dragon Form              Tmut           0%         N/A       100%        7


Dungeon Overview and Level Annotations

Branches:
Dungeon (11/15)              Lair (1/5) D:10            Orc (0/2) D:10
 Temple: D:4-7

Altars:
Elyvilon
Fedhas
Hepliaklqana
Kikubaaqudgha
Ru
Wu Jian
Xom
Yredelemnul
Zin
The Shining One

Shops:
D:8 (*

Annotations:
D:6 1 exclusion, Maggie
D:8 1 exclusion
D:9 exclusion: downstairs, Erica
D:10 2 transporters, MirrMurr's ghost, journeyman DsBe


Message History

The elephant tramples you but does no damage.
You block the elephant's attack. The elephant attacks as you move away!
The elephant tramples you.
* * * LOW HITPOINT WARNING * * *
The elephant trunk-slaps you but does no damage.
The elephant attacks as you move away! The elephant closely misses you.
The elephant trunk-slaps you but does no damage.
The elephant attacks as you move away!
The elephant tramples you but does no damage.
The elephant trunk-slaps you but does no damage.
The elephant attacks as you move away!
The elephant tramples you but does no damage.
The elephant trunk-slaps you but does no damage.
The elephant attacks as you move away!
The elephant tramples you but does no damage.
The elephant trunk-slaps you.
* * * LOW HITPOINT WARNING * * *
You feel yourself speed up.
The elephant tramples you but does no damage.
The elephant trunk-slaps you but does no damage.
There is a stone staircase leading down here.
You climb downwards.
The eight-headed hydra roars!
Found a flail and a scroll of identify.
There is a stone staircase leading up here.
A boulder beetle comes into view.
The boulder beetle curls into a ball and begins rolling!
Found a robe.
Your extra speed is starting to run out.
The boulder beetle attacks as you move away!
The boulder beetle hits you!!
* * * LOW HITPOINT WARNING * * *
The boulder beetle stops rolling and uncurls.
You feel yourself slow down.
The boulder beetle curls into a ball and begins rolling!
You block the boulder beetle's attack.
The boulder beetle stops rolling and uncurls.
The boulder beetle attacks as you move away!
The boulder beetle bites you!
You die...

#.......#
#.......#
#.......#
#.......# #
#.....^.# ..# #
#.......##..# .#
#.......?...##.#
#....°B@.......#
#..###.......).#
#..# #.........
#°.# #.D....##.
#..# #...<..#
#..# #......#
#..# #......#
#..# #......#
#..# #......#


You could see a boulder beetle and an eight-headed hydra.

Vanquished Creatures
  A troll (D:9)
  Sigmund (D:5)
  2 wraiths
  A wyvern (D:9)
  10 yaks
  2 acid dragons
  A water moccasin (D:7)
  Duvessa (D:7)
  4 orc warriors
  A black bear (D:8)
  2 ice beasts
  A swamp drake (D:10)
  A sky beast (D:7)
  2 ogres
  A centaur (D:9)
  A phantom (D:5)
  2 kobold brigands
  5 bullfrogs
  A necrophage (D:7)
  2 gnoll sergeants
  2 scorpions
  4 wights (D:8)
  Dowan (D:7)
  6 killer bees (D:10)
  A howler monkey (D:8)
  2 hounds (D:6)
  4 jellies
  5 orc priests
  2 iguanas
  8 orc wizards
  9 gnolls
  8 adders
  3 shadow imps
  2 white imps (D:8)
  An ufetubus (D:5)
  3 dart slugs
  31 orcs
  4 ball pythons
  4 endoplasms
  5 giant cockroaches
  6 hobgoblins
  2 quokkas (D:1)
  2 bats (D:1)
  3 frilled lizards (D:1)
  8 kobolds
  4 rats
172 creatures vanquished.

Vanquished Creatures (others)
  A sky beast (D:7)
  A bullfrog (D:7)
  A howler monkey (D:7)
  An orc priest (D:7)
  An orc wizard (D:7)
  2 fungi (Lair:1)
7 creatures vanquished.

Grand Total: 179 creatures vanquished

Notes
Turn   | Place    | Note
-------+----------+-------------------------------------------
     0 | D:1      | beardedkeet the Hill Orc Fighter began the quest for the
                  | Orb.
     0 | D:1      | Reached XP level 1. HP: 19/19 MP: 1/1
   238 | D:1      | Found a faded altar of an unknown god.
   259 | D:1      | Reached skill level 3 in Axes
   340 | D:1      | Reached XP level 2. HP: 25/26 MP: 2/2
   476 | D:1      | Reached skill level 4 in Axes
  1003 | D:1      | Reached XP level 3. HP: 15/31 MP: 3/3
  1364 | D:2      | Reached skill level 5 in Axes
  1997 | D:2      | Reached XP level 4. HP: 39/39 MP: 4/4
  2303 | D:3      | Reached skill level 6 in Axes
  2774 | D:3      | Found a faded altar of an unknown god.
  2779 | D:3      | Found a hazy altar of Hepliaklqana.
  3029 | D:4      | Reached XP level 5. HP: 40/45 MP: 5/5
  3367 | D:4      | Reached skill level 7 in Axes
  3472 | D:4      | Identified the +1 helmet "Juxehao" {Dex+2}
  3529 | D:4      | Found a basalt altar of Yredelemnul.
  3805 | D:5      | Entered Level 5 of the Dungeon
  3805 | D:5      | Noticed an ogre
  3939 | D:5      | Killed an ogre
  3940 | D:5      | Reached skill level 8 in Axes
  3940 | D:5      | Reached XP level 6. HP: 42/51 MP: 6/6
  4095 | D:5      | Upgraded the game from 0.29.0-11-gd7f09526c8 to
                  | 0.29.0-13-gc9e81de378
  4123 | D:5      | Reached skill level 9 in Axes
  4386 | D:5      | Reached XP level 7. HP: 57/57 MP: 7/7
  4422 | D:5      | Noticed Sigmund
  4442 | D:5      | Killed Sigmund
  4443 | D:5      | Reached skill level 10 in Axes
  4769 | D:6      | Reached skill level 11 in Axes
  4828 | D:6      | Reached XP level 8. HP: 63/64 MP: 8/8
  4881 | D:6      | Reached skill level 12 in Axes
  5100 | D:6      | Noticed Maggie
  5207 | D:7      | Reached skill level 13 in Axes
  5214 | D:7      | Became a worshipper of Beogh the Brigand
  5260 | D:7      | Noticed Duvessa
  5260 | D:7      | Noticed Dowan
  5287 | D:7      | Killed Dowan
  5288 | D:7      | Killed Duvessa
  5775 | D:7      | Found a sand-covered staircase.
  5887 | D:7      | Reached skill level 14 in Axes
  6063 | D:7      | Reached XP level 9. HP: 70/70 MP: 9/9
  6373 | D:8      | Reached skill level 15 in Axes
  6629 | D:8      | Found Zuenlutu's Antique Weapon Boutique.
  6938 | D:8      | Found Asyrcho's Elemental Accessories.
  6993 | D:8      | Reached * piety under Beogh
  7069 | D:8      | Noticed a two-headed ogre
  7261 | D:8      | Reached skill level 16 in Axes
  7462 | D:8      | Reached skill level 5 in Fighting
  8014 | D:8      | Noticed a tengu conjurer
  8306 | D:9      | Noticed a troll
  8321 | D:9      | Killed a troll
  8599 | D:9      | Noticed Erica
  8814 | D:9      | Reached XP level 10. HP: 54/88 MP: 10/10
  9578 | D:9      | Reached ** piety under Beogh
  9739 | D:10     | Entered Level 10 of the Dungeon
  9992 | D:10     | Noticed a moth of wrath
  9994 | D:10     | Found a transporter.
  9999 | D:10     | Found a transporter.
 10003 | D:10     | Noticed MirrMurr's ghost (journeyman DsBe)
 10041 | D:10     | Reached skill level 5 in Shields
 10318 | D:10     | Found a staircase to the Orcish Mines.
 10695 | D:10     | Found a staircase to the Lair.
 11093 | D:10     | Found an ancient bone altar of Kikubaaqudgha.
 11286 | D:10     | Found a shimmering altar of Xom.
 11287 | D:10     | Found a glowing silver altar of Zin.
 11287 | D:10     | Found a white marble altar of Elyvilon.
 11288 | D:10     | Found a sacrificial altar of Ru.
 11289 | D:10     | Found a blossoming altar of Fedhas.
 11290 | D:10     | Found a glowing golden altar of the Shining One.
 11291 | D:10     | Found an ornate altar of the Wu Jian Council.
 11481 | D:11     | Reached *** piety under Beogh
 11523 | Lair:1   | Entered Level 1 of the Lair of Beasts
 11523 | Lair:1   | Noticed an elephant
 11523 | Lair:1   | Noticed an elephant
 11523 | Lair:1   | Noticed an elephant
 11523 | Lair:1   | Noticed an elephant
 11527 | Lair:1   | Noticed an elephant
 11532 | Lair:1   | Noticed an elephant
 11681 | D:11     | Noticed an eight-headed hydra
 11687 | D:11     | Noticed a boulder beetle
 11701 | D:11     | HP: 4/91 [boulder beetle (25)]
 11706 | D:11     | Slain by a boulder beetle

Illustrated notes

Levels and vault maps discovered:
D:1:      dpeg_arrival_pits, layout_basic, shapermc_ecumenical_altar_acropolis,
          kennysheep_nondescript, reono_crystal_passage,
          nicolae_kite_square_tiling_tiny
D:2:      layout_basic
D:3:      layout_basic, nicolae_overflow_ecumenical_swirl
D:4:      layout_cave_pods, mainiacjoe_overflow_alcove_1
D:5:      layout_rooms, uniq_sigmund
D:6:      minmay_octagon_keep, layout_basic, minmay_temple_entry_mini_moons,
          kennysheep_flooded_box, uniq_crazy_yiuf_cottage, uniq_maggie
D:7:      layout_layer_cave, enter_ossuary_1, uniq_duvessa
D:8:      minmay_slanted_spiral_squares, layout_basic, serial_shops,
          kennysheep_mini, nicolae_elemental_shop, nicolae_benzene_ring,
          kennysheep_small_circle
D:9:      layout_roguey, uniq_erolcha, uniq_erica
D:10:     layout_small_grid, minitemple, lair_entry_dummy, erik_orc_1,
          gammafunk_ghost_berserking_beasts
D:11:     layout_long_grid
Lair:1:   layout_cave_pods, grunt_forest_small_clearings,
          chequers_serial_rivers_large_a, lemuel_fruit_fields,
          grunt_megastairs_5

Skill      XL: |  1  2  3  4  5  6  7  8  9 10 |
---------------+-------------------------------+-----
Axes           | 3 4 5 6 8 9 11 14 16 | 16.0
Fighting       | 8 9 |  9.4
Shields        | 8 |  8.4
Armour         | |  3.8

Action                   |  1- 3 |  4- 6 |  7- 9 | 10-12 || total
-------------------------+-------+-------+-------+-------++-------
Melee: War axe           |    95 |    95 |   268 |   146 ||   604
       Broad axe         |       |       |       |    22 ||    22
Throw: Boomerang         |       |     3 |       |       ||     3
Invok: Convert to Beogh  |       |       |     1 |       ||     1
Evoke: Wand              |       |       |     1 |     2 ||     3
  Use: Scroll            |     8 |     6 |     3 |     6 ||    23
       Potion            |     2 |       |     5 |     2 ||     9
 Stab: Distracted        |       |       |     1 |       ||     1
Armor: Scale mail        |    40 |    31 |   111 |       ||   182
       Plate armour      |       |       |     6 |   166 ||   172
Dodge: Dodged            |    52 |    35 |    92 |    54 ||   233
Block: Buckler           |    24 |    29 |    59 |    57 ||   169
